 Dungeon Crawl Stone Soup version 0.23.1-41-g7e51ed3 (webtiles) character file.

Game seed: 9084939829049766316

53 Krees the Gusty (level 3, 0/26 HPs)
             Began as a Demigod Air Elementalist on Mar 29, 2019.
             Succumbed to an orc wizard's poison
             ... on level 2 of the Dungeon.
             The game lasted 00:12:00 (1114 turns).

Krees the Gusty (Demigod Air Elementalist)          Turns: 1114, Time: 00:12:01

Health: 0/26       AC:  3    Str: 11    XL:     3   Next: 41%
Magic:  4/9        EV: 12    Int: 21    God:
Gold:   86         SH:  0    Dex: 19    Spells: 6/7 levels left

rFire    . . .     SeeInvis .   t - +0 hunting sling
rCold    . . .     Gourm    .   (no shield)
rNeg     . . .     Faith    .   a - +0 robe
rPois    .         Spirit   .   (no helmet)
rElec    .         Reflect  .   j - +0 cloak
rCorr    .         Harm     .   (no gloves)
MR       .....                  (no boots)
Stlth    ++........             (no amulet)
HPRegen  0.08/turn              p - +3 ring of dexterity
MPRegen  0.11/turn              (no ring)

@: lethally poisoned (0 -> -9)
A: high mp 1
a: no special abilities


You were on level 2 of the Dungeon.
You were not hungry.

You visited 1 branch of the dungeon, and saw 2 of its levels.

You collected 86 gold pieces.

Inventory:

Hand Weapons
 b - a +0 club
 e - a +0 club
 h - a +0 club
 i - a +0 mace
 k - a +0 dagger
 n - a +0 club
 o - a +0 hunting sling
 q - a +0 hunting sling
 r - a +0 dagger
 t - a +0 hunting sling (weapon)
Missiles
 c - 28 sling bullets (quivered)
Armour
 a - a +0 robe (worn)
 j - a +0 cloak (worn)
 m - a +0 shield
 u - a +0 robe
 x - a +0 robe
Jewellery
 p - a +3 ring of dexterity (left hand)
Scrolls
 l - a scroll of remove curse
Potions
 s - a potion of invisibility {unknown}
Comestibles
 f - 9 chunks of flesh
 w - 2 rations


   Skills:
 + Level 0.2 Fighting
 - Level 1.7 Dodging
 + Level 1.8 Stealth
 + Level 2.6 Spellcasting
 + Level 1.3 Conjurations
 + Level 3.3 Air Magic


You had 6 spell levels left.
You knew the following spells:

 Your Spells              Type           Power        Failure   Level  Hunger
a - Shock                 Conj/Air       ##..         5%          1    None

Your spell library contained the following spells:

 Spells                   Type           Power        Failure   Level  Hunger
 Swiftness                Chrm/Air       #.......     11%         2    ##.....
 Static Discharge         Conj/Air       ##......     16%         3    ###....
 Airstrike                Air            ###.......   34%         4    ####...
 Lightning Bolt           Conj/Air       ##........   83%         5    ######.


Dungeon Overview and Level Annotations

Branches:
Dungeon (2/15)


Innate Abilities, Weirdness & Mutations

You have an increased reservoir of magic. (+10% MP)


Message History

The orc hits you but does no damage.
Casting: Shock (safe; 5% risk of failure)
Confirm with . or Enter, or press ? or * to list all spells.
Aiming: Shock (safe; 5% risk of failure)
Press: ? - help, Shift-Dir - straight line The zap hits the orc.
You kill the orc!
The zap hits the kobold.
You kill the kobold!
You feel sick.
The orc wizard hits you with a +2 dagger of venom.
* * * LOW HITPOINT WARNING * * *
It was a potion of haste.
You feel yourself speed up.
* * * LOW HITPOINT WARNING * * *
You feel sick. The orc wizard closely misses you.
It was a potion of cancellation.
Your magical effects are unravelling.
You feel magically purged.
You feel yourself slow down.
You die...

# *,,,,,*,,*,*
########********,***,*,,*,*
.....#..,,,,,*,,,,,,,,,,*,*
####.#.#****,*,*,***,,#.*,*****
# #.#.# *,*,*,*,,,...,,,,,,*
#.#.# *,*,*,*,,...*,,**,**
###.#.## *,,,,<*,o.#**,,,,,,*
#......##########..##**,,,,,,*
##..............@[)..#,,,,,,,,*
........#########o....._,*,,,,*
........# *...##..,**,,,*
........# *...#**,***,,,*
######### *!.##**,**,,,,*
*#..*,,,,,,,,,* *...,,,,,,,***
*.#.,,*,**** *,*,,,*,*


You could see 2 orc wizards.

Vanquished Creatures
  An adder (D:2)
  An ooze (D:1)
  A leopard gecko (D:2)
  2 orcs (D:2)
  2 giant cockroaches (D:1)
  6 goblins (D:1)
  4 hobgoblins
  4 jackals (D:2)
  3 quokkas (D:2)
  3 bats
  2 frilled lizards (D:1)
  A kobold (D:2)
  2 rats (D:1)
32 creatures vanquished.

Notes
Turn   | Place    | Note
-------+----------+-------------------------------------------
     0 | D:1      | Krees the Demigod Air Elementalist began the quest for the
                  | Orb.
     0 | D:1      | Reached XP level 1. HP: 14/14 MP: 5/5
   280 | D:1      | Reached XP level 2. HP: 18/20 MP: 3/7
   341 | D:1      | Reached skill level 3 in Air Magic
   444 | D:1      | Reached skill level 1 in Conjurations
   963 | D:2      | Reached XP level 3. HP: 17/26 MP: 0/9
  1107 | D:2      | Found a bloodstained altar of Trog.
  1113 | D:2      | HP: 1/26 [poisoned by an orc wizard]
  1114 | D:2      | Succumbed to an orc wizard's poison

Skill      XL: |  1  2 |
---------------+-------+-----
Spellcasting   | 2 |  2.6
Air Magic      | 3 |  3.3
Conjurations   | 1 |  1.3
Fighting       | |  0.2
Dodging        | |  1.7
Stealth        | |  1.8

Action                   || total
-------------------------++-------
Melee: Unarmed           ||     2
       Club              ||     1
 Cast: Shock             ||    56
  Use: Scroll            ||     7
       Potion            ||     2
  Eat: Ration            ||     1
Armor: Robe              ||     7
Dodge: Dodged            ||    30
